 Dungeon Crawl Stone Soup version 0.25.0-33-gff14898 (webtiles) character file.

Game seed: 5276960401429461963

4699 Sirellyn the Grappler (level 10, -1/94 HPs)
             Began as a Troll Monk on July 7, 2020.
             Slain by an unseen horror (5 damage)
             ... on level 8 of the Dungeon on July 8, 2020.
             The game lasted 01:01:07 (9904 turns).

Sirellyn the Grappler (Troll Monk)                  Turns: 9904, Time: 01:01:07

Health: -1/94      AC:  9    Str: 24    XL:     10   Next: 21%
Magic:  9/9        EV: 11    Int:  6    God:
Gold:   369        SH:  0    Dex: 10    Spells: 9/9 levels left

rFire    + . .     SeeInvis .     - Unarmed
rCold    . . .     Gourm    +   (no shield)
rNeg     . . .     Faith    .   g - +2 robe {rF+}
rPois    +         Spirit   .   (helmet restricted)
rElec    .         Reflect  .   z - +1 cloak {rPois}
rCorr    +         Harm     .   (gloves unavailable)
MR       .....                  (boots unavailable)
Stlth    ++........             k - amulet of regeneration
HPRegen  1.05/turn              i - ring of resist corrosion
MPRegen  0.11/turn              (no ring)

@: heavily drained
A: large, unfitting armour, claws 3, blink, clumsy 1, deformed body, fast
metabolism 3, gourmand, regeneration 1, shaggy fur 1, tough skin 3, evolution 1,
subdued magic 1
a: Blink


You were on level 8 of the Dungeon.
You were not hungry.

You visited 2 branches of the dungeon, and saw 9 of its levels.

You collected 369 gold pieces.

Inventory:

Hand Weapons
 j - a +1 hunting sling
 p - the +9 falchion of Checkmate {flame, *Slow rF+ Str+5}
   (You found it on level 6 of the Dungeon)

   It has been specially enchanted to burn those struck by it, causing extra
   injury to most foes and up to half again as much damage against particularly
   susceptible opponents.
   Big, fiery blades are also staple armaments of hydra-hunters.
   It affects your strength (+5).
   It protects you from fire.
   It may slow you when you take damage.
 v - a +0 trident
 y - a +4 quarterstaff of chaos
 D - a +5 flail of holy wrath
 J - a +0 hunting sling
Missiles
 c - 150 stones (quivered)
 l - 3 silver javelins
 q - 6 javelins
 t - 6 boomerangs
 I - 24 poisoned darts
Armour
 f - a +0 robe
 g - a +2 robe of fire resistance (worn)
 z - a +1 cloak of poison resistance (worn)
 H - a +0 robe
 K - a +1 pair of gloves
Jewellery
 i - a ring of resist corrosion (left claw)
 k - an amulet of regeneration (around neck)
 m - an uncursed amulet of faith
Scrolls
 a - 3 scrolls of identify
 h - 5 scrolls of remove curse
 n - a scroll of enchant weapon
 o - 4 scrolls of amnesia
 r - a scroll of blinking {unknown}
 u - 7 scrolls of magic mapping
 B - 2 scrolls of fog
Potions
 e - 5 potions of lignification
 s - 3 potions of mutation
 w - a potion of curing
Comestibles
 b - 13 rations


   Skills:
 + Level 4.8(3.3) Fighting
 + Level 4.2(2.8) Maces & Flails
 + Level 1.7(0.5) Slings
 + Level 1.1(0.6) Throwing
 + Level 6.2(4.7) Dodging
 + Level 2.9(1.5) Stealth
 + Level 10.4(8.7) Unarmed Combat


You had 9 spell levels left.
You didn't know any spells.
Your spell library was empty.

Dungeon Overview and Level Annotations

Branches:
Dungeon (8/15)             Temple (1/1) D:5
   Lair: D:8-11

Altars:
Ashenzari
Cheibriados
Dithmenos
Elyvilon
Gozag
Hepliaklqana
Kikubaaqudgha
Makhleb
Nemelex Xobeh
Okawaru
Qazlal
Sif Muna
Trog
Uskayaw
Vehumet
Xom
Yredelemnul
Zin
The Shining One

Shops:
D:6 }   D:7 ([=


Innate Abilities, Weirdness & Mutations

You are too large for most types of armour.
You have claws for hands.
Your metabolism is lightning-fast.
You like to eat raw meat.
Your natural rate of healing is unusually fast.
You are covered in fur. (AC +1)
You have extremely tough skin. (AC +3)
You can translocate small distances at will.
You are clumsy. (Dex -2)
Armour fits poorly on your strangely shaped body.
You evolve.
Your spells are a little easier to cast, but a little less powerful.


Message History

You barely miss something. Something hits you.
* * * LOW HITPOINT WARNING * * *
You miss something. You claw something! Something hits you.
* * * LOW HITPOINT WARNING * * *
Really quaff the potion of lignification?
Okay, then.
Something hits you.
* * * LOW HITPOINT WARNING * * *
Something hits you!
* * * LOW HITPOINT WARNING * * *
Something hits you but does no damage. Something hits you.
* * * LOW HITPOINT WARNING * * *
Something hits you.
* * * LOW HITPOINT WARNING * * *
Found 7 gold pieces.
Something hits you.
* * * LOW HITPOINT WARNING * * *
Found a glowing yellow potion.
Found a burning altar of Makhleb.
Something hits you.
You die...

...#..#.##.# #.#
...........#####.#
###
##.##.............
..
#...###.##########
##### .....##.#
..... ......#.#
##. #####
.._.....###!.._ #
......#...$..#.
.##
.....##@.......
....
#...##>.[......
...## ##.#
#.#.##.### .. ..
#. #. .# ... .## #
#$ .# #.# # # #.
.# .# ..## .. .#
.... .. .# ####


There were no monsters in sight!

Vanquished Creatures
  2 hippogriffs
  2 yaks (D:7)
  Eustachio (D:6)
  2 hogs (D:7)
  A human (D:7)
  Edmund (D:4)
  A phantom (D:5)
  2 ice beasts
  A sky beast (D:7)
  A necrophage (D:6)
  3 ogres
  3 centaurs
  A crocodile (D:5)
  3 big kobolds
  3 scorpions
  10 wights
  3 killer bees (D:8)
  3 howler monkeys
  4 crimson imps
  A bullfrog zombie (D:8)
  Crazy Yiuf (D:3)
  2 bullfrog skeletons
  4 orc priests
  4 hounds
  2 iguanas (D:7)
  Natasha (thrice) (D:2)
  7 orc wizards
  7 worker ants
  Terence (D:2)
  3 hound skeletons
  2 howler monkey skeletons
  13 adders
  2 oozes
  6 worms
  2 dart slugs (D:2)
  6 leopard geckos
  21 orcs
  3 ball pythons
  7 giant cockroaches
  6 goblins
  12 hobgoblins
  17 jackals
  23 kobolds
  5 quokkas
  7 bats
  5 frilled lizards
  A jackal skeleton (D:4)
  9 rats
229 creatures vanquished.

Vanquished Creatures (others)
  A giant cockroach (D:8)
1 creature vanquished.

Grand Total: 230 creatures vanquished

Notes
Turn   | Place    | Note
-------+----------+-------------------------------------------
     0 | D:1      | Sirellyn the Troll Monk began the quest for the Orb.
     0 | D:1      | Reached XP level 1. HP: 22/22 MP: 0/0
   267 | D:1      | Reached XP level 2. HP: 29/29 MP: 1/1
   656 | D:2      | Reached XP level 3. HP: 35/36 MP: 2/2
   703 | D:2      | Reached skill level 4 in Unarmed Combat
   703 | D:2      | Reached XP level 4. HP: 21/45 MP: 3/3
   930 | D:2      | Found a shattered altar of Ashenzari.
   933 | D:2      | Noticed Natasha
   940 | D:2      | Killed Natasha
   940 | D:2      | Reached XP level 5. HP: 53/53 MP: 4/4
  1032 | D:2      | Noticed Natasha
  1042 | D:2      | Killed Natasha
  1263 | D:2      | Noticed Terence
  1272 | D:2      | Killed Terence
  1272 | D:2      | Reached skill level 5 in Unarmed Combat
  1550 | D:3      | Reached XP level 6. HP: 54/61 MP: 5/5
  1622 | D:3      | Found a radiant altar of Vehumet.
  1658 | D:3      | Gained mutation: Your spells are a little easier to cast,
                  | but a little less powerful. [potion of mutation]
  1658 | D:3      | Gained mutation: You evolve. [potion of mutation]
  1799 | D:3      | Found a white marble altar of Elyvilon.
  1934 | D:3      | Found a glowing golden altar of the Shining One.
  2136 | D:3      | Found a runed translucent door.
  2138 | D:3      | Noticed Crazy Yiuf
  2144 | D:3      | Killed Crazy Yiuf
  2154 | D:3      | Gained mutation: You are clumsy. (Dex -2) [evolution]
  2215 | D:4      | Reached skill level 6 in Unarmed Combat
  2249 | D:4      | Reached XP level 7. HP: 67/67 MP: 6/6
  2317 | D:4      | Found an iron altar of Okawaru.
  2506 | D:4      | Noticed a moth of wrath
  2509 | D:4      | Found a bloodstained altar of Trog.
  2655 | D:4      | Got a ripped robe
  2779 | D:4      | Noticed Edmund
  2786 | D:4      | Killed Edmund
  2786 | D:4      | Reached skill level 7 in Unarmed Combat
  2927 | D:3      | Gained mutation: You can translocate small distances at
                  | will. [evolution]
  3089 | D:2      | Noticed Natasha
  3628 | D:2      | Killed Natasha
  3703 | D:5      | Entered Level 5 of the Dungeon
  3783 | D:5      | Found a shadowy altar of Dithmenos.
  3920 | D:5      | Found a shimmering blue altar of Sif Muna.
  3990 | D:5      | Reached XP level 8. HP: 75/75 MP: 7/7
  4097 | D:5      | Found a staircase to the Ecumenical Temple.
  4470 | Temple   | Entered the Ecumenical Temple
  4585 | Temple   | Identified the cursed +0 robe of Buppeunk {Str+3} (You
                  | found it on level 4 of the Dungeon)
  4655 | D:6      | Reached skill level 1 in Slings
  4655 | D:6      | Reached skill level 8 in Unarmed Combat
  4868 | D:6      | Reached skill level 1 in Throwing
  4955 | D:6      | Got an ancient falchion
  5070 | D:6      | Noticed Eustachio
  5148 | D:6      | Killed Eustachio
  5150 | D:6      | Gained mutation: Armour fits poorly on your strangely
                  | shaped body. [evolution]
  5182 | D:6      | Reached skill level 9 in Unarmed Combat
  5182 | D:6      | Reached XP level 9. HP: 82/83 MP: 8/8
  5361 | D:6      | Reached skill level 5 in Dodging
  5472 | D:6      | Found Hiqos's Gadget Emporium.
  5722 | D:7      | Reached skill level 1 in Maces & Flails
  5926 | D:7      | Identified the +9 falchion of Checkmate {flame, *Slow rF+
                  | Str+5} (You found it on level 6 of the Dungeon)
  6178 | D:7      | Found Iroff's Jewellery Shoppe.
  6504 | D:7      | Found Jawonut's Antique Armour Emporium.
  6641 | D:7      | Found Touwkoas's Antique Weapon Emporium.
  6862 | D:8      | Reached skill level 10 in Unarmed Combat
  6862 | D:8      | Reached XP level 10. HP: 86/94 MP: 9/9
  9889 | D:8      | Found a basalt altar of Yredelemnul.
  9903 | D:8      | Found a burning altar of Makhleb.
  9903 | D:8      | HP: 3/94 [something (3)]
  9904 | D:8      | Slain by an unseen horror

Illustrated notes

Levels and vault maps discovered:
D:1:      zaba_arrival_water, layout_basic, serial_bayou_pond_c,
          minmay_statues_item
D:2:      layout_basic, old_standard_altar, first_ration, uniq_natasha,
          uniq_terence
D:3:      layout_rooms, tso_altar, elyvilon_altar_3, vehumet_crystals,
          uniq_crazy_yiuf_cottage
D:4:      kennysheep_big_flooded_room, layout_rooms, tgw_trog,
          overflow_temple_1_default, uniq_edmund
D:5:      layout_cave_pools, led_sif_book, nicolae_dithmenos_the_darkroom,
          minmay_temple_entry_crystal_x, st_stairs_11,
          chequers_serial_rivers_micro_d
D:6:      cheibrodos_thug_alley, layout_basic, serial_shops, shop_fountains,
          chequers_jeans, uniq_eustachio
D:7:      layout_loops_cross, serial_shops, shop_statue, kennysheep_mini,
          nicolae_shop_trees, grunt_livestock, grunt_decor_clamped,
          minmay_small_thing
D:8:      layout_loops_ring, lemuel_crystal_altar, tgw_fedhas,
          lemuel_round_altar, kennysheep_little_box, jmf_multi_god_temple2
Temple:   compressed_dpeg_triangle_lava_temple

Skill      XL: |  1  2  3  4  5  6  7  8  9 10 |
---------------+-------------------------------+-----
Dodging        | 3 4 5 6 |  6.2
Fighting       | 3 4 |  4.8
Unarmed Combat | 4 5 6 7 9 10 | 10.4
Stealth        | 2 |  2.9
Slings         | 1 |  1.7
Throwing       | 1 |  1.1
Maces & Flails | 4 |  4.2

Action                   |  1- 3 |  4- 6 |  7- 9 | 10-12 || total
-------------------------+-------+-------+-------+-------++-------
Melee: Unarmed           |    43 |   159 |   360 |    67 ||   629
       Punch             |       |     1 |    16 |     4 ||    21
       Flail             |       |       |    94 |       ||    94
 Fire: Hunting sling     |       |       |    17 |       ||    17
Throw: Stone             |       |       |    22 |     1 ||    23
  Use: Scroll            |     2 |     9 |     9 |       ||    20
       Potion            |     4 |     3 |     4 |     2 ||    13
 Stab: Sleeping          |       |     2 |     6 |       ||     8
  Eat: Chunk             |    12 |    14 |    43 |     3 ||    72
       Ration            |       |       |       |     5 ||     5
Armor: Robe              |    17 |    63 |   182 |    43 ||   305
Dodge: Dodged            |    20 |    70 |   314 |    36 ||   440
